1988 views
Uploaded 2023-08-04 16:50:02
Game version 1.36 (6115)
23:16 long 4on4 ladder game on (8)Sanctuary_LV_S2
Saved by DKnight
1988 views
Uploaded 2023-08-04 16:50:02
Game version 1.36 (6115)
23:16 long 4on4 ladder game on (8)Sanctuary_LV_S2


221 units @ 32.6k
/ 4.4k
88 buildings @ 12.7k
/ 5.5k


| Healing Salve | 4 | 400 |
| Lesser Clarity Potion | 6 | 420 |
| Scroll of Speed | 2 | 100 |
| Potion of Healing | 5 | 750 |
| Potion of Mana | 7 | 1400 |
| Scroll of Town Portal | 5 | 1750 |
| Scroll of Regeneration | 1 | 100 |
| total: | 30 | 4920g |
| Peon | 20 | 1500 | / | 0 |
| Grunt | 3 | 600 | / | 0 |
| Raider | 12 | 2160 | / | 480 |
| Troll Batrider | 1 | 160 | / | 40 |
| Kodo Beast | 2 | 510 | / | 120 |
| Wind Rider | 18 | 4770 | / | 720 |
| Goblin Shredder | 1 | 375 | / | 100 |
| total: | 57 | 10075g | / | 1460w |
| Altar of Storms | 1 | 180 | / | 50 |
| Orc Burrow | 6 | 960 | / | 240 |
| Barracks | 1 | 180 | / | 50 |
| Voodoo Lounge | 1 | 130 | / | 30 |
| Great Hall | 2 | 770 | / | 370 |
| War Mill | 1 | 205 | / | 0 |
| Beastiary | 4 | 580 | / | 560 |
| Stronghold | 1 | 315 | / | 190 |
| Fortress | 1 | 325 | / | 190 |
| total: | 16 | 3005g | / | 1300w |
| 0:02 | Peon |
| 0:02 | Peon |
| 0:08 | Altar of Storms |
| 0:18 | Orc Burrow |
| 0:23 | Peon |
| 0:35 | Barracks |
| 0:47 | Peon |
| 0:58 | Peon |
| 1:17 | Peon |
| 1:26 | Orc Burrow |
| 1:37 | Grunt |
| 1:45 | Peon |
| 1:58 | Voodoo Lounge |
| 2:06 | Feral Spirit |
| 2:13 | Peon |
| 2:27 | Grunt |
| 3:04 | Great Hall |
| 3:20 | Chain Lighting |
| 3:33 | Stronghold |
| 4:02 | Grunt |
| 4:04 | Orc Burrow |
| 4:42 | Healing Salve |
| 4:42 | Lesser Clarity Potion |
| 4:43 | Scroll of Speed |
| 4:46 | Healing Salve |
| 5:15 | Goblin Shredder |
| 5:21 | Feral Spirit |
| 5:32 | Peon |
| 6:40 | Beastiary |
| 6:41 | Beastiary |
| 6:41 | Beastiary |
| 6:42 | War Mill |
| 6:56 | Healing Salve |
| 6:56 | Scroll of Speed |
| 6:57 | Lesser Clarity Potion |
| 7:16 | Pillage |
| 7:24 | Shockwave |
| 7:29 | Orc Burrow |
| 7:59 | Raider |
| 7:59 | Raider |
| 8:01 | Orc Burrow |
| 8:02 | Steel Melee Weapons |
| 8:03 | Raider |
| 8:04 | Ensnare |
| 8:12 | Beastiary |
| 8:13 | Peon |
| 8:25 | Raider |
| 8:39 | Fortress |
| 8:56 | Steel Armor |
| 8:58 | Orc Burrow |
| 10:00 | Troll Batrider |
| 10:01 | Kodo Beast |
| 10:03 | Steel Ranged Weapons |
| 10:29 | Raider |
| 10:38 | Scroll of Town Portal |
| 10:40 | Potion of Healing |
| 10:40 | Potion of Mana |
| 10:46 | Wind Rider |
| 10:47 | Wind Rider |
| 10:48 | Wind Rider |
| 11:28 | Wind Rider |
| 11:28 | Wind Rider |
| 11:29 | Wind Rider |
| 11:30 | Wind Rider |
| 11:35 | Chain Lighting |
| 11:47 | Great Hall |
| 11:59 | Envenomed Spears |
| 12:01 | War Drums Damage Increase |
| 12:03 | Thorium Ranged Weapons |
| 12:25 | Scroll of Town Portal |
| 13:04 | Scroll of Town Portal |
| 13:13 | Endurance Aura |
| 13:15 | Raider |
| 13:58 | Liquid Fire |
| 13:59 | Wind Rider |
| 13:59 | Wind Rider |
| 14:53 | Potion of Healing |
| 15:03 | Shockwave |
| 15:05 | Wind Rider |
| 15:19 | Potion of Mana |
| 15:30 | Feral Spirit |
| 15:46 | Kodo Beast |
| 16:17 | Wind Rider |
| 16:38 | Peon |
| 16:38 | Peon |
| 16:39 | Peon |
| 16:39 | Peon |
| 16:44 | Scroll of Regeneration |
| 16:46 | Lesser Clarity Potion |
| 16:49 | Scroll of Town Portal |
| 16:50 | Potion of Mana |
| 17:00 | Raider |
| 17:35 | Raider |
| 17:37 | Raider |
| 17:49 | Earth Quake |
| 17:54 | Peon |
| 17:54 | Peon |
| 18:44 | Potion of Mana |
| 19:02 | Wind Rider |
| 19:26 | Lesser Clarity Potion |
| 19:46 | Wind Rider |
| 19:46 | Wind Rider |
| 19:47 | Raider |
| 19:47 | Raider |
| 20:08 | Potion of Healing |
| 20:08 | Potion of Mana |
| 20:30 | Healing Salve |
| 20:36 | Potion of Healing |
| 20:37 | Potion of Mana |
| 20:44 | Wind Rider |
| 20:44 | Wind Rider |
| 20:45 | Raider |
| 20:47 | Wind Rider |
| 21:06 | Peon |
| 21:06 | Peon |
| 21:06 | Peon |
| 21:06 | Peon |
| 21:26 | Wind Rider |
| 21:41 | Endurance Aura |
| 21:52 | Lesser Clarity Potion |
| 21:55 | Scroll of Town Portal |
| 22:00 | Lesser Clarity Potion |
| 22:01 | Potion of Healing |
| 22:01 | Potion of Mana |
| Right click | 1400 |
| Select group | 1163 |
| Select | 519 |
| Build/train/purchase | 159 |
| Use ability | 79 |
| Assign group | 53 |
| Misc. action | 20 |
| Resource trade | 11 |
| Minimap ping | 5 |
| Item give/drop | 1 |


| Lesser Clarity Potion | 3 | 210 |
| Scroll of Regeneration | 2 | 200 |
| Mechanical Critter | 1 | 50 |
| Potion of Healing | 1 | 150 |
| Potion of Mana | 1 | 200 |
| Orb of Fire | 1 | 325 |
| Ivory Tower | 1 | 40 |
| Scroll of Town Portal | 2 | 700 |
| total: | 12 | 1875g |
| Peasant | 14 | 1050 | / | 0 |
| Gryphon Rider | 18 | 5040 | / | 1260 |
| total: | 32 | 6090g | / | 1260w |
| Scout Tower | 7 | 210 | / | 140 |
| Arcane Tower | 2 | 140 | / | 100 |
| Guard Tower | 5 | 350 | / | 250 |
| Altar of Kings | 1 | 180 | / | 50 |
| Farm | 12 | 960 | / | 240 |
| Arcane Vault | 1 | 130 | / | 30 |
| Lumber Mill | 1 | 120 | / | 0 |
| Blacksmith | 2 | 280 | / | 120 |
| Town Hall | 3 | 1155 | / | 615 |
| Gryphon Aviary | 2 | 280 | / | 300 |
| Keep | 1 | 320 | / | 210 |
| Castle | 1 | 360 | / | 210 |
| total: | 29 | 3315g | / | 1495w |
| 0:10 | Altar of Kings |
| 0:13 | Farm |
| 0:20 | Peasant |
| 0:20 | Peasant |
| 0:41 | Peasant |
| 1:17 | Farm |
| 1:21 | Arcane Vault |
| 1:22 | Peasant |
| 1:34 | Scout Tower |
| 1:42 | Summon Water Elemental |
| 2:53 | Arcane Tower |
| 2:55 | Peasant |
| 2:55 | Peasant |
| 2:55 | Peasant |
| 2:56 | Peasant |
| 3:11 | Lesser Clarity Potion |
| 4:04 | Keep |
| 4:09 | Lumber Mill |
| 4:15 | Scout Tower |
| 4:17 | Scout Tower |
| 4:21 | Brilliance Aura |
| 4:25 | Lesser Clarity Potion |
| 4:25 | Scroll of Regeneration |
| 4:26 | Mechanical Critter |
| 4:59 | Farm |
| 5:01 | Arcane Tower |
| 5:04 | Guard Tower |
| 5:06 | Improved Masonry |
| 5:06 | Improved Lumber Harvesting |
| 5:39 | Scout Tower |
| 5:47 | Scout Tower |
| 6:13 | Guard Tower |
| 6:17 | Guard Tower |
| 6:19 | Scout Tower |
| 6:21 | Scout Tower |
| 7:19 | Castle |
| 7:24 | Gryphon Aviary |
| 7:27 | Gryphon Aviary |
| 7:32 | Blacksmith |
| 7:34 | Advanced Lumber Harvesting |
| 7:34 | Advanced Masonry |
| 8:04 | Scroll of Regeneration |
| 8:05 | Potion of Healing |
| 8:06 | Potion of Mana |
| 8:11 | Scroll of Town Portal |
| 8:49 | Farm |
| 8:50 | Iron Forged Swords |
| 8:53 | Studded Leather Armor |
| 9:07 | Guard Tower |
| 9:24 | Blacksmith |
| 9:31 | Farm |
| 10:29 | Gryphon Rider |
| 10:31 | Gryphon Rider |
| 10:34 | Steel Forged Swords |
| 10:58 | Reinforced Leather Armor |
| 11:17 | Gryphon Rider |
| 11:49 | Orb of Fire |
| 11:56 | Lesser Clarity Potion |
| 12:13 | Storm Hammers |
| 12:26 | Peasant |
| 12:27 | Peasant |
| 12:31 | Imbued Masonry |
| 13:13 | Town Hall |
| 13:17 | Peasant |
| 13:23 | Peasant |
| 13:46 | Ivory Tower |
| 14:01 | Gryphon Rider |
| 14:07 | Farm |
| 14:21 | Guard Tower |
| 14:27 | Summon Water Elemental |
| 15:31 | Blizzard |
| 15:45 | Gryphon Rider |
| 15:45 | Gryphon Rider |
| 15:45 | Gryphon Rider |
| 15:53 | Mithril Forged Swords |
| 16:27 | Gryphon Rider |
| 16:45 | Peasant |
| 16:45 | Peasant |
| 17:08 | Gryphon Rider |
| 17:09 | Gryphon Rider |
| 17:29 | Dragonhide Armor |
| 17:32 | Farm |
| 17:32 | Farm |
| 17:36 | Farm |
| 17:37 | Farm |
| 17:56 | Scroll of Town Portal |
| 17:59 | Gryphon Rider |
| 18:05 | Gryphon Rider |
| 18:05 | Gryphon Rider |
| 18:39 | Summon Water Elemental |
| 18:50 | Gryphon Rider |
| 19:04 | Gryphon Rider |
| 19:44 | Town Hall |
| 21:12 | Gryphon Rider |
| 21:13 | Gryphon Rider |
| 21:24 | Farm |
| 21:34 | Farm |
| 21:46 | Gryphon Rider |
| 22:05 | Town Hall |
| 23:02 | Holy Light |
| Right click | 405 |
| Select | 316 |
| Misc. action | 106 |
| Build/train/purchase | 102 |
| Select group | 87 |
| Use ability | 13 |
| Assign group | 10 |
| Esc | 9 |
| Resource trade | 9 |
| Remove unit | 5 |
| Minimap ping | 2 |
| Item give/drop | 1 |

| Scroll of Regeneration | 1 | 100 |
| Potion of Healing | 2 | 300 |
| Scroll of Town Portal | 1 | 350 |
| Orb of Venom | 1 | 325 |
| total: | 5 | 1075g |
| Peasant | 34 | 2550 | / | 0 |
| Footman | 2 | 270 | / | 0 |
| Rifleman | 24 | 4920 | / | 720 |
| Priest | 9 | 1215 | / | 90 |
| Flying Machine | 1 | 100 | / | 30 |
| Mortar Team | 2 | 360 | / | 140 |
| Sorceress | 1 | 155 | / | 20 |
| total: | 73 | 9570g | / | 1000w |
| Scout Tower | 1 | 30 | / | 20 |
| Arcane Tower | 1 | 70 | / | 50 |
| Farm | 10 | 800 | / | 200 |
| Altar of Kings | 2 | 360 | / | 100 |
| Barracks | 6 | 960 | / | 360 |
| Blacksmith | 1 | 140 | / | 60 |
| Arcane Vault | 1 | 130 | / | 30 |
| Lumber Mill | 2 | 240 | / | 0 |
| Town Hall | 1 | 385 | / | 205 |
| Arcane Sanctum | 2 | 300 | / | 280 |
| Workshop | 1 | 140 | / | 140 |
| Keep | 1 | 320 | / | 210 |
| Castle | 1 | 360 | / | 210 |
| total: | 27 | 3485g | / | 1395w |
| 0:03 | Peasant |
| 0:03 | Peasant |
| 0:07 | Farm |
| 0:12 | Altar of Kings |
| 0:44 | Peasant |
| 0:44 | Peasant |
| 0:47 | Scout Tower |
| 1:15 | Peasant |
| 1:16 | Arcane Tower |
| 1:18 | Farm |
| 1:30 | Peasant |
| 1:34 | Barracks |
| 1:44 | Peasant |
| 2:00 | Farm |
| 2:02 | Peasant |
| 2:09 | Blacksmith |
| 2:16 | Peasant |
| 2:18 | Storm Bolt |
| 2:36 | Peasant |
| 2:40 | Farm |
| 2:45 | Footman |
| 3:04 | Arcane Vault |
| 3:11 | Footman |
| 3:33 | Rifleman |
| 3:46 | Lumber Mill |
| 4:33 | Rifleman |
| 4:36 | Lumber Mill |
| 4:53 | Black Gunpowder |
| 4:58 | Keep |
| 5:06 | Farm |
| 5:25 | Rifleman |
| 5:41 | Studded Leather Armor |
| 5:46 | Farm |
| 6:07 | Rifleman |
| 6:42 | Bash |
| 7:03 | Rifleman |
| 7:20 | Rifleman |
| 7:23 | Barracks |
| 7:26 | Scroll of Regeneration |
| 7:29 | Potion of Healing |
| 7:56 | Rifleman |
| 8:25 | Storm Bolt |
| 8:30 | Rifleman |
| 8:43 | Long Rifles |
| 8:45 | Refined Gunpowder |
| 9:09 | Town Hall |
| 9:13 | Rifleman |
| 9:20 | Arcane Sanctum |
| 10:07 | Rifleman |
| 10:18 | Reinforced Leather Armor |
| 10:21 | Peasant |
| 10:21 | Peasant |
| 10:27 | Peasant |
| 10:51 | Priest |
| 11:10 | Farm |
| 11:13 | Farm |
| 11:31 | Peasant |
| 11:31 | Peasant |
| 11:42 | Priest |
| 11:50 | Farm |
| 11:53 | Farm |
| 12:18 | Priest |
| 12:21 | Peasant |
| 12:21 | Peasant |
| 12:34 | Workshop |
| 12:35 | Rifleman |
| 12:36 | Rifleman |
| 12:43 | Arcane Sanctum |
| 13:23 | Castle |
| 13:26 | Priest |
| 13:34 | Improved Masonry |
| 14:31 | Potion of Healing |
| 15:01 | Rifleman |
| 15:01 | Rifleman |
| 15:07 | Priest |
| 15:09 | Flying Machine |
| 15:11 | Mortar Team |
| 15:13 | Priest |
| 15:23 | Peasant |
| 15:26 | Altar of Kings |
| 15:32 | Rifleman |
| 15:33 | Rifleman |
| 15:43 | Peasant |
| 16:01 | Rifleman |
| 16:13 | Peasant |
| 16:13 | Peasant |
| 16:14 | Peasant |
| 16:14 | Peasant |
| 17:02 | Imbued Gunpowder |
| 17:04 | Rifleman |
| 17:37 | Rifleman |
| 18:04 | Barrage |
| 18:09 | Priest |
| 18:11 | Rifleman |
| 18:28 | Rifleman |
| 18:30 | Sorceress |
| 18:43 | Peasant |
| 18:44 | Peasant |
| 18:44 | Peasant |
| 18:44 | Peasant |
| 19:11 | Scroll of Town Portal |
| 19:17 | Rifleman |
| 19:53 | Rifleman |
| 19:58 | Peasant |
| 19:58 | Peasant |
| 19:58 | Peasant |
| 20:23 | Orb of Venom |
| 20:48 | Rifleman |
| 20:52 | Priest |
| 20:56 | Mortar Team |
| 21:00 | Priest |
| 21:06 | Barracks |
| 21:08 | Barracks |
| 21:13 | Peasant |
| 21:13 | Peasant |
| 21:13 | Peasant |
| 21:13 | Peasant |
| 22:07 | Barracks |
| 22:08 | Barracks |
| Right click | 519 |
| Select | 422 |
| Build/train/purchase | 131 |
| Misc. action | 99 |
| Minimap ping | 26 |
| Use ability | 20 |
| Item give/drop | 1 |

| Potion of Healing | 4 | 600 |
| Potion of Mana | 1 | 200 |
| Scroll of Town Portal | 7 | 2450 |
| total: | 12 | 3250g |
| Wisp | 22 | 1320 | / | 0 |
| Archer | 26 | 3380 | / | 260 |
| Hippogryph | 9 | 1440 | / | 180 |
| Goblin Shredder | 2 | 750 | / | 200 |
| total: | 59 | 6890g | / | 640w |
| Ancient Protector | 2 | 270 | / | 160 |
| Altar of Elders | 1 | 180 | / | 50 |
| Moon Well | 5 | 900 | / | 200 |
| Ancient of War | 2 | 300 | / | 120 |
| Ancient of Wonders | 1 | 90 | / | 30 |
| Hunter's Hall | 1 | 210 | / | 100 |
| Tree of Life | 2 | 680 | / | 370 |
| Ancient of Wind | 2 | 300 | / | 280 |
| Tree of Ages | 2 | 640 | / | 360 |
| Tree of Eternity | 2 | 660 | / | 400 |
| total: | 16 | 2930g | / | 1310w |
| 0:28 | Wisp |
| 0:28 | Wisp |
| 0:28 | Wisp |
| 0:28 | Wisp |
| 0:33 | Altar of Elders |
| 0:43 | Moon Well |
| 1:12 | Wisp |
| 1:22 | Ancient of War |
| 1:29 | Wisp |
| 1:46 | Moon Well |
| 1:54 | Wisp |
| 2:06 | Wisp |
| 2:18 | Ancient of Wonders |
| 2:26 | Wisp |
| 2:42 | Moon Well |
| 2:44 | Archer |
| 3:12 | Fan of Knives |
| 3:20 | Archer |
| 3:30 | Tree of Ages |
| 3:42 | Archer |
| 3:54 | Archer |
| 4:21 | Archer |
| 4:30 | Hunter's Hall |
| 4:39 | Blink |
| 4:46 | Archer |
| 5:38 | Archer |
| 5:44 | Ancient Protector |
| 5:47 | Strength of the Moon |
| 6:00 | Ancient Protector |
| 6:09 | Tree of Life |
| 6:28 | Improved Bows |
| 7:00 | Archer |
| 7:16 | Fan of Knives |
| 8:03 | Ancient of Wind |
| 8:05 | Ancient of Wind |
| 8:07 | Wisp |
| 8:07 | Wisp |
| 8:21 | Wisp |
| 8:21 | Wisp |
| 8:21 | Wisp |
| 8:21 | Wisp |
| 8:22 | Wisp |
| 8:29 | Wisp |
| 8:29 | Wisp |
| 8:50 | Goblin Shredder |
| 8:50 | Goblin Shredder |
| 9:03 | Archer |
| 9:04 | Archer |
| 9:09 | Moon Well |
| 11:28 | Moon Well |
| 11:34 | Tree of Life |
| 11:42 | Nature's Blessing |
| 11:50 | Hippogryph |
| 12:09 | Moon Armor |
| 12:10 | Ultravision |
| 12:28 | Hippogryph |
| 12:31 | Archer |
| 13:02 | Archer |
| 13:26 | Hippogryph |
| 13:27 | Archer |
| 13:40 | Wisp |
| 13:40 | Wisp |
| 13:40 | Wisp |
| 13:41 | Wisp |
| 14:07 | Hippogryph |
| 14:08 | Archer |
| 14:08 | Archer |
| 14:39 | Blink |
| 14:43 | Scroll of Town Portal |
| 14:43 | Scroll of Town Portal |
| 15:25 | Fan of Knives |
| 15:55 | Hippogryph |
| 15:57 | Archer |
| 15:57 | Archer |
| 15:57 | Archer |
| 15:57 | Archer |
| 15:57 | Archer |
| 15:58 | Tree of Eternity |
| 16:33 | Hippogryph |
| 16:36 | Improved Strength of the Moon |
| 17:15 | Archer |
| 17:20 | Ancient of War |
| 17:22 | Druid of the Talon Adept Training |
| 17:35 | Scroll of Town Portal |
| 17:35 | Scroll of Town Portal |
| 18:22 | Spirit of Vengeance |
| 18:54 | Druid of the Talon Master Training |
| 18:59 | Advanced Strength of the Moon |
| 19:40 | Blink |
| 20:28 | Scroll of Town Portal |
| 20:28 | Scroll of Town Portal |
| 20:29 | Potion of Healing |
| 20:29 | Potion of Healing |
| 20:45 | Hippogryph |
| 20:49 | Archer |
| 20:49 | Marksmanship |
| 20:57 | Potion of Healing |
| 21:01 | Potion of Healing |
| 21:04 | Potion of Mana |
| 21:08 | Scroll of Town Portal |
| 21:15 | Archer |
| 21:32 | Hippogryph |
| 21:35 | Archer |
| 21:35 | Archer |
| 21:53 | Hippogryph |
| 21:55 | Archer |
| Right click | 1133 |
| Select | 404 |
| Build/train/purchase | 158 |
| Minimap ping | 21 |
| Use ability | 19 |
| Select group | 13 |
| Assign group | 3 |
| Item give/drop | 1 |
186 units @ 28.9k
/ 4.9k
79 buildings @ 11.4k
/ 4.6k

| Potion of Healing | 7 | 1050 |
| Orb of Fire | 2 | 650 |
| Scroll of Town Portal | 3 | 1050 |
| Orb of Corruption | 1 | 375 |
| Rod of Necromancy | 1 | 150 |
| total: | 14 | 3275g |
| Peasant | 21 | 1575 | / | 0 |
| Footman | 8 | 1080 | / | 0 |
| Knight | 15 | 3675 | / | 900 |
| Spell Breaker | 6 | 1290 | / | 180 |
| Priest | 4 | 540 | / | 40 |
| Flying Machine | 12 | 1200 | / | 360 |
| total: | 66 | 9360g | / | 1480w |
| Farm | 9 | 720 | / | 180 |
| Altar of Kings | 1 | 180 | / | 50 |
| Barracks | 2 | 320 | / | 120 |
| Arcane Vault | 1 | 130 | / | 30 |
| Lumber Mill | 2 | 240 | / | 0 |
| Blacksmith | 1 | 140 | / | 60 |
| Town Hall | 3 | 1155 | / | 615 |
| Arcane Sanctum | 1 | 150 | / | 140 |
| Workshop | 3 | 420 | / | 420 |
| Keep | 1 | 320 | / | 210 |
| Castle | 1 | 360 | / | 210 |
| total: | 23 | 3455g | / | 1615w |
| 0:04 | Peasant |
| 0:05 | Peasant |
| 0:05 | Peasant |
| 0:05 | Peasant |
| 0:05 | Peasant |
| 0:23 | Farm |
| 0:45 | Peasant |
| 0:46 | Peasant |
| 0:51 | Altar of Kings |
| 0:54 | Farm |
| 0:55 | Farm |
| 1:19 | Peasant |
| 1:20 | Peasant |
| 1:45 | Barracks |
| 1:49 | Arcane Vault |
| 2:21 | Keep |
| 3:37 | Divine Shield |
| 4:03 | Barracks |
| 4:37 | Footman |
| 4:38 | Footman |
| 4:38 | Footman |
| 4:38 | Footman |
| 4:38 | Footman |
| 4:39 | Footman |
| 4:39 | Footman |
| 4:42 | Castle |
| 4:58 | Footman |
| 5:28 | Potion of Healing |
| 5:46 | Lumber Mill |
| 6:04 | Devotion Aura |
| 6:28 | Blacksmith |
| 7:03 | Town Hall |
| 7:11 | Peasant |
| 7:11 | Peasant |
| 7:11 | Peasant |
| 7:11 | Peasant |
| 7:11 | Peasant |
| 7:12 | Peasant |
| 7:12 | Peasant |
| 7:26 | Farm |
| 7:27 | Farm |
| 7:28 | Farm |
| 8:02 | Knight |
| 8:34 | Holy Light |
| 8:54 | Animal War Training |
| 8:55 | Knight |
| 8:56 | Knight |
| 9:02 | Peasant |
| 9:02 | Peasant |
| 9:02 | Peasant |
| 9:02 | Peasant |
| 9:03 | Peasant |
| 9:24 | Knight |
| 9:40 | Farm |
| 9:41 | Farm |
| 9:42 | Farm |
| 10:15 | Town Hall |
| 11:11 | Devotion Aura |
| 11:24 | Knight |
| 11:24 | Knight |
| 11:30 | Scroll of Town Portal |
| 11:34 | Potion of Healing |
| 11:39 | Potion of Healing |
| 11:53 | Orb of Fire |
| 12:08 | Iron Plating |
| 12:10 | Iron Forged Swords |
| 12:10 | Black Gunpowder |
| 12:12 | Improved Lumber Harvesting |
| 12:22 | Knight |
| 13:01 | Knight |
| 13:09 | Lumber Mill |
| 13:15 | Arcane Sanctum |
| 13:29 | Knight |
| 13:32 | Steel Plating |
| 14:28 | Town Hall |
| 14:36 | Control Magic |
| 14:37 | Priest Adept Training |
| 14:39 | Spell Breaker |
| 14:39 | Spell Breaker |
| 14:39 | Spell Breaker |
| 14:39 | Spell Breaker |
| 14:42 | Priest Master Training |
| 15:10 | Divine Shield |
| 15:30 | Scroll of Town Portal |
| 15:31 | Potion of Healing |
| 15:35 | Potion of Healing |
| 15:49 | Spell Breaker |
| 15:50 | Spell Breaker |
| 15:53 | Knight |
| 16:18 | Orb of Corruption |
| 16:22 | Rod of Necromancy |
| 16:36 | Knight |
| 16:38 | Steel Forged Swords |
| 16:55 | Knight |
| 16:59 | Knight |
| 17:20 | Knight |
| 17:22 | Mithril Plating |
| 17:44 | Knight |
| 18:58 | Workshop |
| 18:58 | Workshop |
| 19:00 | Workshop |
| 19:09 | Scroll of Town Portal |
| 19:10 | Potion of Healing |
| 19:13 | Potion of Healing |
| 19:16 | Orb of Fire |
| 19:22 | Priest |
| 19:22 | Priest |
| 19:22 | Priest |
| 19:46 | Flying Machine Bombs |
| 19:47 | Flak Cannons |
| 19:56 | Flying Machine |
| 19:59 | Flying Machine |
| 20:00 | Flying Machine |
| 20:00 | Flying Machine |
| 20:27 | Flying Machine |
| 20:27 | Flying Machine |
| 20:38 | Devotion Aura |
| 21:25 | Flying Machine |
| 21:25 | Flying Machine |
| 21:25 | Flying Machine |
| 21:28 | Refined Gunpowder |
| 21:57 | Flying Machine |
| 21:57 | Flying Machine |
| 22:17 | Flying Machine |
| 22:19 | Priest |
| 22:40 | Holy Light |
| 22:51 | Holy Light |
| Select | 259 |
| Right click | 250 |
| Build/train/purchase | 125 |
| Use ability | 8 |
| Remove unit | 6 |
| Chat | 5 |
| Misc. action | 1 |
| Item give/drop | 1 |



| Orb of Venom | 2 | 650 |
| Scroll of Town Portal | 1 | 350 |
| total: | 3 | 1000g |
| Wisp | 12 | 720 | / | 0 |
| Archer | 6 | 780 | / | 60 |
| Dryad | 3 | 435 | / | 180 |
| Druid of the Claw | 4 | 1020 | / | 320 |
| Mountain Giant | 3 | 1050 | / | 300 |
| Goblin Shredder | 1 | 375 | / | 100 |
| total: | 29 | 4380g | / | 960w |
| Ancient Protector | 2 | 270 | / | 160 |
| Moon Well | 7 | 1260 | / | 280 |
| Altar of Elders | 1 | 180 | / | 50 |
| Ancient of War | 1 | 150 | / | 60 |
| Ancient of Wonders | 1 | 90 | / | 30 |
| Hunter's Hall | 1 | 210 | / | 100 |
| Ancient of Lore | 2 | 310 | / | 290 |
| Tree of Ages | 1 | 320 | / | 180 |
| Tree of Eternity | 1 | 330 | / | 200 |
| total: | 15 | 2470g | / | 970w |
| 0:03 | Wisp |
| 0:03 | Wisp |
| 0:19 | Moon Well |
| 0:29 | Wisp |
| 0:34 | Altar of Elders |
| 0:47 | Ancient of War |
| 0:48 | Wisp |
| 1:10 | Wisp |
| 1:11 | Wisp |
| 1:15 | Wisp |
| 1:48 | Moon Well |
| 1:49 | Archer |
| 1:51 | Wisp |
| 1:51 | Wisp |
| 1:58 | Ancient of Wonders |
| 2:08 | Archer |
| 2:34 | Immolation |
| 2:42 | Archer |
| 2:44 | Wisp |
| 2:44 | Wisp |
| 2:45 | Wisp |
| 2:46 | Archer |
| 3:02 | Archer |
| 3:21 | Moon Well |
| 3:29 | Tree of Ages |
| 3:50 | Evasion |
| 4:07 | Hunter's Hall |
| 4:17 | Archer |
| 5:14 | Moon Well |
| 6:10 | Immolation |
| 6:11 | Drunken Brawler |
| 6:16 | Ancient of Lore |
| 6:18 | Ancient of Lore |
| 7:01 | Tree of Eternity |
| 7:04 | Goblin Shredder |
| 7:09 | Ancient Protector |
| 7:15 | Ancient Protector |
| 7:54 | Abolish Magic |
| 7:54 | Druid of the Claw Adept Training |
| 7:56 | Strength of the Wild |
| 8:30 | Breath of Fire |
| 8:42 | Dryad |
| 8:45 | Moon Well |
| 9:16 | Druid of the Claw |
| 9:46 | Moon Well |
| 9:57 | Scroll of Town Portal |
| 10:10 | Druid of the Claw Master Training |
| 10:50 | Improved Bows |
| 10:52 | Mark of the Claw |
| 11:26 | Druid of the Claw |
| 11:47 | Evasion |
| 11:49 | Breath of Fire |
| 12:03 | Trueshot Aura |
| 12:10 | Orb of Venom |
| 12:29 | Hardened Skin |
| 12:30 | Resistant Skin |
| 13:54 | Dryad |
| 13:57 | Improved Strength of the Wild |
| 13:58 | Reinforced Hides |
| 15:24 | Searing Arrows |
| 15:42 | Dryad |
| 15:43 | Druid of the Claw |
| 16:06 | Evasion |
| 16:32 | Trueshot Aura |
| 16:44 | Mountain Giant |
| 18:23 | Orb of Venom |
| 18:57 | Searing Arrows |
| 19:16 | Metamorphosis |
| 19:27 | Druid of the Claw |
| 19:41 | Drunken Brawler |
| 20:45 | Mountain Giant |
| 21:12 | Mountain Giant |
| 21:29 | Trueshot Aura |
| 22:08 | Moon Well |
| Right click | 897 |
| Select group | 459 |
| Select | 317 |
| Misc. action | 162 |
| Build/train/purchase | 106 |
| Assign group | 27 |
| Use ability | 22 |
| Item give/drop | 6 |
| Chat | 6 |
| Minimap ping | 3 |
| Esc | 1 |


| Orb of Fire | 2 | 650 |
| Scroll of Regeneration | 1 | 100 |
| Scroll of Town Portal | 1 | 350 |
| total: | 4 | 1100g |
| Peasant | 16 | 1200 | / | 0 |
| Footman | 6 | 810 | / | 0 |
| Rifleman | 9 | 1845 | / | 270 |
| Priest | 3 | 405 | / | 30 |
| Gryphon Rider | 12 | 3360 | / | 840 |
| total: | 46 | 7620g | / | 1140w |
| Scout Tower | 2 | 60 | / | 40 |
| Guard Tower | 2 | 140 | / | 100 |
| Farm | 13 | 1040 | / | 260 |
| Altar of Kings | 1 | 180 | / | 50 |
| Barracks | 1 | 160 | / | 60 |
| Lumber Mill | 1 | 120 | / | 0 |
| Blacksmith | 1 | 140 | / | 60 |
| Town Hall | 1 | 385 | / | 205 |
| Arcane Vault | 1 | 130 | / | 30 |
| Arcane Sanctum | 1 | 150 | / | 140 |
| Gryphon Aviary | 3 | 420 | / | 450 |
| Keep | 1 | 320 | / | 210 |
| Castle | 1 | 360 | / | 210 |
| total: | 25 | 2785g | / | 1295w |
| 0:04 | Peasant |
| 0:05 | Peasant |
| 0:05 | Peasant |
| 0:05 | Peasant |
| 0:06 | Peasant |
| 0:26 | Farm |
| 0:41 | Altar of Kings |
| 0:56 | Barracks |
| 1:11 | Farm |
| 1:26 | Lumber Mill |
| 1:28 | Peasant |
| 1:28 | Peasant |
| 1:28 | Peasant |
| 1:28 | Peasant |
| 1:46 | Farm |
| 2:04 | Footman |
| 2:05 | Footman |
| 2:20 | Footman |
| 2:27 | Farm |
| 2:40 | Footman |
| 2:53 | Blacksmith |
| 3:02 | Storm Bolt |
| 3:19 | Farm |
| 3:29 | Footman |
| 3:30 | Footman |
| 4:13 | Rifleman |
| 4:13 | Rifleman |
| 4:35 | Farm |
| 4:44 | Bash |
| 4:48 | Scout Tower |
| 4:50 | Rifleman |
| 5:12 | Farm |
| 5:36 | Guard Tower |
| 5:39 | Scout Tower |
| 5:44 | Keep |
| 5:46 | Rifleman |
| 5:52 | Farm |
| 6:23 | Storm Bolt |
| 6:30 | Guard Tower |
| 6:35 | Farm |
| 6:51 | Town Hall |
| 7:40 | Farm |
| 7:53 | Rifleman |
| 7:54 | Rifleman |
| 8:08 | Peasant |
| 8:08 | Peasant |
| 8:08 | Peasant |
| 8:09 | Peasant |
| 8:24 | Arcane Sanctum |
| 8:29 | Arcane Vault |
| 8:48 | Black Gunpowder |
| 8:49 | Long Rifles |
| 8:52 | Rifleman |
| 9:00 | Bash |
| 9:32 | Rifleman |
| 9:33 | Rifleman |
| 10:09 | Castle |
| 10:12 | Gryphon Aviary |
| 10:14 | Priest |
| 11:09 | Gryphon Aviary |
| 11:13 | Gryphon Aviary |
| 11:15 | Priest Adept Training |
| 12:08 | Improved Lumber Harvesting |
| 12:12 | Improved Masonry |
| 12:35 | Storm Bolt |
| 13:01 | Peasant |
| 13:01 | Peasant |
| 13:01 | Peasant |
| 13:30 | Farm |
| 13:37 | Farm |
| 13:40 | Farm |
| 13:43 | Storm Hammers |
| 14:06 | Devotion Aura |
| 14:30 | Gryphon Rider |
| 14:31 | Gryphon Rider |
| 14:31 | Gryphon Rider |
| 14:33 | Iron Forged Swords |
| 15:39 | Gryphon Rider |
| 15:41 | Priest |
| 15:43 | Priest |
| 16:51 | Studded Leather Armor |
| 16:52 | Steel Forged Swords |
| 17:30 | Orb of Fire |
| 17:31 | Scroll of Town Portal |
| 17:32 | Scroll of Regeneration |
| 18:00 | Reinforced Leather Armor |
| 18:30 | Divine Shield |
| 18:37 | Gryphon Rider |
| 19:28 | Avatar |
| 19:31 | Holy Light |
| 19:43 | Gryphon Rider |
| 20:08 | Orb of Fire |
| 20:19 | Gryphon Rider |
| 20:23 | Gryphon Rider |
| 20:42 | Gryphon Rider |
| 21:14 | Animal War Training |
| 21:17 | Gryphon Rider |
| 21:42 | Gryphon Rider |
| 21:56 | Gryphon Rider |
| 23:12 | Devotion Aura |
| Right click | 273 |
| Select | 214 |
| Build/train/purchase | 82 |
| Use ability | 26 |
| Item give/drop | 3 |


| Rod of Necromancy | 2 | 300 |
| Potion of Healing | 2 | 300 |
| Potion of Mana | 1 | 200 |
| Orb of Corruption | 1 | 375 |
| Scroll of Town Portal | 1 | 350 |
| Scroll of Healing | 1 | 250 |
| Orb of Venom | 1 | 325 |
| total: | 9 | 2100g |
| Acolyte | 13 | 975 | / | 0 |
| Ghoul | 4 | 480 | / | 0 |
| Crypt Fiend | 17 | 3655 | / | 680 |
| Abomination | 7 | 1680 | / | 490 |
| Obsidian Statue | 4 | 800 | / | 140 |
| total: | 45 | 7590g | / | 1310w |
| Spirit Tower | 3 | 435 | / | 120 |
| Crypt | 1 | 200 | / | 50 |
| Graveyard | 1 | 215 | / | 0 |
| Altar of Darkness | 1 | 180 | / | 50 |
| Ziggurat | 8 | 1200 | / | 400 |
| Tomb of Relics | 2 | 260 | / | 60 |
| Necropolis | 2 | 450 | / | 0 |
| Slaughterhouse | 1 | 140 | / | 135 |
| Halls of the Dead | 1 | 320 | / | 210 |
| Black Citadel | 1 | 325 | / | 230 |
| total: | 16 | 2645g | / | 695w |
| 0:02 | Acolyte |
| 0:02 | Acolyte |
| 0:03 | Acolyte |
| 0:09 | Crypt |
| 0:22 | Graveyard |
| 0:47 | Altar of Darkness |
| 0:56 | Ziggurat |
| 1:10 | Ghoul |
| 1:20 | Ghoul |
| 1:37 | Tomb of Relics |
| 1:38 | Tomb of Relics |
| 1:53 | Ziggurat |
| 2:17 | Ghoul |
| 2:19 | Crypt Fiend |
| 2:34 | Crypt Fiend |
| 2:48 | Rod of Necromancy |
| 2:59 | Death Coil |
| 3:17 | Crypt Fiend |
| 3:38 | Acolyte |
| 4:13 | Crypt Fiend |
| 4:21 | Necropolis |
| 4:25 | Unholy Aura |
| 4:52 | Creature Attack |
| 5:23 | Creature Carapace |
| 5:27 | Death Coil |
| 5:35 | Halls of the Dead |
| 5:56 | Ziggurat |
| 6:02 | Acolyte |
| 6:03 | Acolyte |
| 6:04 | Ziggurat |
| 6:28 | Acolyte |
| 6:30 | Crypt Fiend |
| 7:24 | Crypt Fiend |
| 7:32 | Death Pact |
| 7:54 | Spirit Tower |
| 8:03 | Black Citadel |
| 8:08 | Spirit Tower |
| 8:08 | Acolyte |
| 8:14 | Slaughterhouse |
| 8:20 | Ghoul |
| 8:27 | Rod of Necromancy |
| 8:43 | Crypt Fiend |
| 8:52 | Potion of Healing |
| 8:54 | Potion of Mana |
| 9:01 | Frost Nova |
| 9:05 | Potion of Healing |
| 9:57 | Scroll of Town Portal |
| 9:57 | Orb of Venom |
| 10:36 | Ziggurat |
| 10:57 | Destroyer Form |
| 11:02 | Ziggurat |
| 11:04 | Frost Armor |
| 11:24 | Improved Creature Attack |
| 11:25 | Improved Creature Carapace |
| 12:05 | Abomination |
| 12:06 | Disease Cloud |
| 12:12 | Orb of Corruption |
| 12:17 | Scroll of Healing |
| 12:23 | Acolyte |
| 12:31 | Unholy Armor |
| 12:32 | Abomination |
| 12:47 | Web |
| 13:23 | Necropolis |
| 13:48 | Obsidian Statue |
| 14:12 | Ziggurat |
| 15:03 | Crypt Fiend |
| 15:04 | Abomination |
| 15:16 | Death Coil |
| 15:31 | Burrow |
| 15:39 | Crypt Fiend |
| 16:09 | Crypt Fiend |
| 16:16 | Crypt Fiend |
| 16:19 | Acolyte |
| 16:19 | Acolyte |
| 16:19 | Acolyte |
| 16:35 | Frost Nova |
| 16:56 | Acolyte |
| 16:57 | Ziggurat |
| 17:00 | Crypt Fiend |
| 17:02 | Abomination |
| 18:02 | Dark Ritual |
| 18:25 | Crypt Fiend |
| 18:26 | Abomination |
| 18:32 | Advanced Creature Attack |
| 18:32 | Advanced Creature Carapace |
| 19:16 | Unholy Aura |
| 19:30 | Crypt Fiend |
| 19:31 | Abomination |
| 19:49 | Obsidian Statue |
| 19:50 | Crypt Fiend |
| 20:13 | Frost Nova |
| 20:49 | Improved Unholy Armor |
| 20:49 | Unholy Strength |
| 20:52 | Obsidian Statue |
| 20:55 | Crypt Fiend |
| 21:41 | Crypt Fiend |
| 21:43 | Obsidian Statue |
| 23:13 | Abomination |
| Right click | 1228 |
| Select group | 920 |
| Select | 408 |
| Misc. action | 160 |
| Build/train/purchase | 135 |
| Use ability | 47 |
| Assign group | 40 |
| Item give/drop | 6 |
| Minimap ping | 4 |
| Remove unit | 2 |
⇛